 Dungeon Crawl Stone Soup version 0.22-a0-877-g5c4e1afb51 (console) character file.

97 Lexodia the Cudgeler (level 4, 0/48 HPs)
             Began as an Ogre Berserker on July 29, 2018.
             Was a Believer of Trog.
             Slain by Sigmund
             ... wielding a +3 scythe of slicing
              (1 damage)
             ... on level 3 of the Dungeon.
             The game lasted 00:04:31 (2297 turns).

Lexodia the Cudgeler (Ogre Berserker)               Turns: 2297, Time: 00:04:31

Health: 0/48       AC:  3    Str: 25    XL:     4   Next: 68%
Magic:  4/4        EV: 10    Int:  8    God:    Trog [**....]
Gold:   78         SH:  0    Dex:  8    Spells: 3/3 levels left

rFire    . . .     SeeInvis .   f - +0 whip
rCold    . . .     Gourm    .   (no shield)
rNeg     . . .     Faith    .   b - +0 animal skin
rPois    .         Spirit   .   (helmet restricted)
rElec    .         Reflect  .   (no cloak)
rCorr    .         Harm     .   (gloves unavailable)
MR       .....                  (boots unavailable)
Stlth    +.........             (no amulet)
HPRegen  0.16/turn              d - +3 ring of strength
MPRegen  0.09/turn              (no ring)

@: berserk cooldown
A: large, unfitting armour, tough skin 1
a: Berserk, Trog's Hand, Renounce Religion


You were on level 3 of the Dungeon.
You worshipped Trog.
Trog was pleased with you.
You were very hungry.

You visited 1 branch of the dungeon, and saw 3 of its levels.

You collected 78 gold pieces.

Inventory:

Hand Weapons
 a - a +0 mace
 f - a +0 whip (weapon)
 m - a +0 whip
Armour
 b - a +0 animal skin (worn)
Jewellery
 d - a +3 ring of strength (left hand)
Wands
 k - a wand of disintegration (10)
Scrolls
 g - 4 scrolls of enchant armour {unknown}
 i - 2 scrolls of blinking {unknown}
 j - a scroll of identify {unknown}
 l - 2 scrolls of teleportation {unknown}
Comestibles
 c - 6 rations
 h - 3 chunks of flesh


   Skills:
 - Level 4.0 Fighting
 + Level 4.6 Maces & Flails
 - Level 3.0 Dodging


You had 3 spell levels left.
You didn't know any spells.
Your spell library was empty.

Dungeon Overview and Level Annotations

Branches:
Dungeon (3/15)

Altars:

Annotations:
D:3 Sigmund


Innate Abilities, Weirdness & Mutations

You are too large for most types of armour.
You have tough skin. (AC +1)


Message History

You feel yourself slow down.
Huge Dmg: -39%(-19hp) hp: 82%(39hp)
You bump into the rock wall.
Something hits you!
Huge Dmg: -38%(-18hp) hp: 44%(21hp) You're too confused to move!
You hear some strange, mumbled words.
Something tries to affect you, but you resist.
You whack something! Something hits you.
* * * LOW HITPOINT WARNING * * *
Huge Dmg: -16%(-8hp) hp: 28%(13hp) It was a potion of cancellation.
Your magical effects are unravelling.
You feel magically purged.
You feel yourself speed up.
You feel less confused. Something hits you!
* * * LOW HITPOINT WARNING * * *
x2 Huge Dmg: -21%(-10hp) hp: 7%(3hp)
You hit something. Something hits you.
* * * LOW HITPOINT WARNING * * *
You die...

#....<................
#.......#.............
#####.....................
#........####.<...........
#..............#.........
#........####.####..###.
######.$## #.. ##...#
####..#######.####.#
#......{@)...........
#.###..######.####.## #
##.. .# ##.# .. .# #. g# .
.. ..


There were no monsters in sight!

Vanquished Creatures
  2 adders (D:2)
  2 oozes
  A worm (D:3)
  A dart slug (D:1)
  4 leopard geckos
  3 giant cockroaches
  5 goblins
  6 hobgoblins
  4 jackals (D:1)
  A quokka (D:3)
  A ball python (D:2)
  11 bats
  5 frilled lizards
  9 kobolds
  6 rats
61 creatures vanquished.

Notes
Turn   | Place    | Note
-------+----------+-------------------------------------------
     0 | D:1      | Lexodia the Ogre Berserker began the quest for the Orb.
     0 | D:1      | Reached XP level 1. HP: 24/24 MP: 1/1
    86 | D:1      | Huge Dmg: 7 dmg
    87 | D:1      | Huge Dmg: 3 dmg
   417 | D:1      | Reached XP level 2. HP: 31/32 MP: 2/2
   779 | D:1      | Reached XP level 3. HP: 23/39 MP: 3/3
   960 | D:1      | Reached ** piety under Trog
  1101 | D:2      | Found a faded altar of an unknown god.
  1513 | D:2      | Reached XP level 4. HP: 48/48 MP: 4/4
  2073 | D:3      | Huge Dmg: 10 dmg
  2274 | D:3      | Noticed Sigmund
  2293 | D:3      | Huge Dmg: 19 dmg
  2294 | D:3      | Huge Dmg: 18 dmg
  2296 | D:3      | Huge Dmg: 8 dmg
  2297 | D:3      | Huge Dmg: 10 dmg
  2297 | D:3      | HP: 1/48 [something (2)]
  2297 | D:3      | Slain by Sigmund

Vault maps used:
D:1:      tarquinn_simple_flora_water_e
D:2:      chequers_ecumenical_altar_island, kennysheep_generic_room_5
D:3:      minmay_unequal, uniq_sigmund

Skill      XL: |  1  2  3 |
---------------+----------+-----
Maces & Flails | 3 4 |  4.6
Dodging        | 3 |  3.0
Fighting       | |  4.0

Action                   |  1- 3 |  4- 6 || total
-------------------------+-------+-------++-------
Melee: Mace              |    28 |       ||    28
       Whip              |   135 |    70 ||   205
Invok: Berserk           |       |     1 ||     1
Evoke: Wand              |       |     1 ||     1
  Use: Potion            |       |     1 ||     1
  Eat: Chunk             |     2 |     2 ||     4
Armor: Animal skin       |    52 |    21 ||    73
Dodge: Dodged            |    86 |    43 ||   129

Table legend:
 A = Spawn XP
 B = Non-spawn XP
 C = Spawn XP percentage of total XP
 D = Spawn monster count
 E = Non-spawn monster count
 F = Spawn count percentage of total count
 G = Total turns spent on level
                    A         B        C        D         E        F      G
               +---------+---------+-------+---------+---------+-------+---------
         Total |       0 |     139 |   0.0 |       0 |      61 |   0.0 |  2297
               +---------+---------+-------+---------+---------+-------+---------
           D:1 |       0 |      55 |   0.0 |       0 |      32 |   0.0 |  1098
           D:2 |       0 |      54 |   0.0 |       0 |      16 |   0.0 |   951
           D:3 |       0 |      30 |   0.0 |       0 |      13 |   0.0 |   248
               +---------+---------+-------+---------+---------+-------+---------
